 Dungeon Crawl Stone Soup version 0.24.0-13-gcf9b3192b9 (webtiles) character file.

Game seed: 3819434277424460959, levelgen mode: deterministic

140 DarthUnicorn the Skirmisher (level 5, 0/54 HPs)
             Began as an Ogre Skald on Nov 7, 2019.
             Was a Follower of Elyvilon.
             Succumbed to an adder's poison
             ... on level 2 of the Dungeon.
             The game lasted 00:12:24 (1527 turns).

DarthUnicorn the Skirmisher (Ogre Skald)            Turns: 1527, Time: 00:12:24

Health: 0/54       AC:  3    Str: 14 (16) XL:     5   Next: 22%
Magic:  4/9        EV: 15    Int: 13 (14) God:    Elyvilon [*.....]
Gold:   139        SH:  0    Dex: 10 (13) Spells: 2/10 levels left

rFire    + . .     SeeInvis .   a - +0 mace
rCold    + . .     Gourm    .   (no shield)
rNeg     + . .     Faith    .   b - +0 robe
rPois    +         Spirit   .   (helmet restricted)
rElec    +         Reflect  .   (no cloak)
rCorr    +         Harm     .   (gloves unavailable)
MR       .....                  (boots unavailable)
Stlth    ++........             (no amulet)
HPRegen  0.18/turn              o - ring of positive energy
MPRegen  0.11/turn              (no ring)

@: agile, lethally poisoned (0 -> -3), resistant, berserk cooldown, very
slightly contaminated, hasted and slowed
A: large, unfitting armour, tough skin 1
a: Lesser Healing, Divine Protection, Renounce Religion


You were on level 2 of the Dungeon.
You worshipped Elyvilon.
Elyvilon was aware of your devotion.
You were not hungry.

You visited 1 branch of the dungeon, and saw 2 of its levels.

You collected 139 gold pieces.

Inventory:

Hand Weapons
 a - a +0 mace (weapon)
Missiles
 f - a boomerang
 m - 43 poisoned darts (quivered)
Armour
 b - a +0 robe (worn)
Jewellery
 o - a ring of positive energy (left hand)
Potions
 e - a potion of degeneration
Comestibles
 d - 2 rations
 g - 5 chunks of flesh


   Skills:
 + Level 3.7 Fighting
 + Level 3.0 Maces & Flails
 + Level 2.6 Dodging
 + Level 3.0 Spellcasting
 + Level 3.4 Charms


You had 2 spell levels left.
You knew the following spells:

 Your Spells              Type           Power        Failure   Level  Hunger
a - Infusion              Chrm           ##..         5%          1    #......
b - Song of Slaying       Chrm           ##......     9%          2    ###....
c - Shroud of Golubria    Chrm/Tloc      #.....       17%         2    ###....
d - Spectral Weapon       Hex/Chrm       #.......     34%         3    ###....

Your spell library contained the following spells:

 Spells                   Type           Power        Failure   Level  Hunger
 Regeneration             Chrm/Necr      #.........   34%         3    ###....


Dungeon Overview and Level Annotations

Branches:
Dungeon (2/15)

Altars:
Ashenzari
Elyvilon
Kikubaaqudgha
Makhleb


Innate Abilities, Weirdness & Mutations

You are too large for most types of armour.
You have tough skin. (AC +1)


Message History

Okay, then.
As you read the scroll labeled WOLAUPU URANKU, it crumbles to dust.
It is a scroll of amnesia.
Really abort (and waste the scroll)?
Okay, then.
* * * LOW HITPOINT WARNING * * *
You feel sick.
Unknown command.
Unknown command.
As you read the scroll labeled HAICVI OQIETEJ, it crumbles to dust.
You feel strangely unstable.
It was a scroll of teleportation.
As you read the scroll labeled INTEUNIALI, it crumbles to dust.
You feel blessed for a moment.
It was a scroll of remove curse.
* * * LOW HITPOINT WARNING * * *
You feel sick.
Your surroundings suddenly seem different.
* * * LOW HITPOINT WARNING * * *
You feel sick.
Unknown command.
You die...

#........# ###..##.....#
#####.##...## #####..#.....#
#.._.......# ##..#..##..#..#
#.###.##...# #.÷...###..##.#
#.# #......##∩_..###.#..##..
###.###.###..###..###.........
#............######.......##..
###.##...........#..#.....##.#
#.##.......@...#..#..#......
#.......###....#..#..#.#...#
#.................#..#.#.###
##..........................
#......#.#[#..##.#.........
#......#.#.#........#######
########.#.).....##.# ####
#.###.#.#......#.# #...
#..........#.#.#.# #.##


There were no monsters in sight!

Vanquished Creatures
  A hound (D:1)
  An orc wizard (D:2)
  3 adders (D:2)
  An ooze (D:1)
  A worm (D:2)
  A leopard gecko (D:1)
  3 orcs (D:2)
  9 bats
  6 hobgoblins
  2 jackals (D:2)
  2 quokkas (D:2)
  3 frilled lizards (D:1)
  5 goblins (D:1)
  4 kobolds
  4 rats (D:1)
46 creatures vanquished.

Notes
Turn   | Place    | Note
-------+----------+-------------------------------------------
     0 | D:1      | DarthUnicorn the Ogre Skald began the quest for the Orb.
     0 | D:1      | Reached XP level 1. HP: 22/22 MP: 3/3
   181 | D:1      | Reached XP level 2. HP: 14/29 MP: 0/5
   189 | D:1      | Learned a level 2 spell: Song of Slaying
   195 | D:1      | Learned a level 2 spell: Shroud of Golubria
   383 | D:1      | Reached XP level 3. HP: 26/37 MP: 6/6
   694 | D:2      | Found a burning altar of Makhleb.
   727 | D:1      | Reached XP level 4. HP: 14/45 MP: 1/8
   771 | D:2      | Found an ancient bone altar of Kikubaaqudgha.
   783 | D:2      | Found a white marble altar of Elyvilon.
   791 | D:2      | Became a worshipper of Elyvilon the Healer
   796 | D:2      | Learned a level 3 spell: Spectral Weapon
  1285 | D:2      | Reached XP level 5. HP: 54/54 MP: 6/9
  1315 | D:2      | Found a shattered altar of Ashenzari.
  1519 | D:2      | Reached * piety under Elyvilon
  1522 | D:2      | HP: 2/54 [poisoned by an adder]
  1527 | D:2      | Succumbed to an adder's poison

Levels and vault maps discovered:
D:1:      eino_arrival_druids_welcome, layout_loops_cross, serial_bayou,
          serial_bayou_pond_d, serial_bayou_ford_a, serial_bayou_pond_a,
          minmay_fountain_box, minmay_tetromino_i2
D:2:      layout_basic, elyvilon_altar_4, overflow_temple_1_default,
          lemuel_round_altar, makhleb_blood_cavern_becter,
          chequers_ecumenical_altar_grove

Skill      XL: |  1  2  3  4  5 |
---------------+----------------+-----
Maces & Flails | 2 3 |  3.0
Charms         | 3 |  3.4
Fighting       | 3 |  3.7
Spellcasting   | 3 |  3.0
Dodging        | |  2.6

Action                   |  1- 3 |  4- 6 || total
-------------------------+-------+-------++-------
Melee: Mace              |    82 |   101 ||   183
Throw: Boomerang         |     9 |     3 ||    12
       Dart              |       |     7 ||     7
 Cast: Infusion          |     4 |     1 ||     5
       Shroud of Golubri |     1 |    13 ||    14
  Use: Potion            |     3 |     5 ||     8
       Scroll            |       |     3 ||     3
  Eat: Chunk             |       |     4 ||     4
Armor: Robe              |    27 |    26 ||    53
Dodge: Dodged            |    67 |    68 ||   135
